 Dungeon Crawl Stone Soup version 0.17-a0-1830-g81820eb (webtiles) character file.

8083 Gargoyl the Fighter (level 11, -14/133 HPs)
             Began as a Demonspawn Abyssal Knight on Sept 14, 2015.
             Was the Champion of Lugonu.
             Demolished by a sun demon (16 damage)
             ... summoned by an orc sorcerer
             ... on level 4 of the Orcish Mines.
             The game lasted 00:28:07 (11647 turns).

Gargoyl the Fighter (Demonspawn Abyssal Knight)    Turns: 11647, Time: 00:28:07

Health: -14/133    AC: 30    Str: 17    XL:     11   Next: 5%
Magic:  13/14      EV:  2    Int: 13    God:    Lugonu [******]
Gold:   903        SH:  0    Dex: 12    Spells: 0 memorised, 10 levels left

rFire  . . .     SeeInvis .     z - +5 battleaxe (vamp)
rCold  . . .     Clarity  .     (armour currently unavailable)
rNeg   + + +     SustAt   .     (no shield)
rPois  +         Gourm    .     (helmet currently unavailable)
rElec  .         Spirit   .     (cloak currently unavailable)
rCorr  .         Warding  .     (gloves currently unavailable)
rMut   .         NoTele   +     (boots currently unavailable)
MR     .....                    B - amulet of rage
Stlth  ++........               (no ring)
                                d - +5 ring of protection

@: tree-form, not resistant to hostile enchantments, unstealthy
A: (hooves 0), (yellow scales 0), powered by death 2, rot immunity
a: Depart the Abyss, Bend Space, Banish, Corrupt, Enter the Abyss, Brand Weapon
With Distortion, Renounce Religion, Evoke Berserk Rage


You were on level 4 of the Orcish Mines.
You worshipped Lugonu.
Lugonu was exalted by your worship.
You were not hungry.
You were a tree.
You visited 2 branches of the dungeon, and saw 13 of its levels.
You visited the Abyss 1 time.

You collected 1228 gold pieces.
You spent 325 gold pieces at shops.

Inventory:

Hand weapons
 r - a +0 flail
 y - a +2 broad axe of chopping
 z - a +5 vampiric battleaxe (weapon)
 T - a +1 flail of protection
Missiles
 j - 6 silver javelins (quivered)
 o - 10 javelins
 L - 19 tomahawks
Armour
 I - a +2 cloak (melded)
 J - a +0 pair of gloves (melded)
 O - a +1 helmet (melded)
 U - a +0 plate armour (melded)
Jewellery
 d - a +5 ring of protection (left branch)
 B - an amulet of rage (around neck)
Magical devices
 c - a wand of slowing (33)
 A - a wand of disintegration (9)
 D - a wand of cold (4)
 E - a wand of draining (6)
 G - a wand of flame (25)
 M - a wand of lightning (7)
 R - a wand of magic darts (10)
Scrolls
 m - 6 scrolls of remove curse
 q - 4 scrolls of fog
 u - 8 scrolls of teleportation
 v - 3 scrolls of recharging
 F - a scroll of magic mapping {unknown}
 N - 5 scrolls of identify
 S - a scroll of immolation {unknown}
Potions
 a - a potion of agility
 e - a potion of brilliance {unknown}
 g - a potion of resistance {unknown}
 h - 2 potions of curing {unknown}
 i - a potion of cancellation {unknown}
 k - a potion of lignification
 l - 2 potions of heal wounds {unknown}
 n - a potion of ambrosia {unknown}
 p - 2 potions of might {unknown}
 t - 3 potions of poison
 w - 3 potions of mutation {unknown}
 H - a potion of flight {unknown}
 K - a potion of berserk rage {unknown}
 Q - a potion of invisibility {unknown}
Books
 s - a book of Maledictions

   Spells                             Type                      Level
   a - Corona                         Hexes                        1
   b - Ensorcelled Hibernation        Hexes/Ice                    2
   c - Confuse                        Hexes                        3
   d - Tukima's Dance                 Hexes                        3
   e - Dazzling Spray                 Conjuration/Hexes            3
 x - a book of Unlife

   Spells                             Type                      Level
   a - Recall                         Summoning/Translocation      3
   b - Animate Dead                   Necromancy                   4
   c - Control Undead                 Necromancy                   4
   d - Cigotuvi's Embrace             Necromancy                   5
   e - Death Channel                  Necromancy                   6
   f - Simulacrum                     Ice/Necromancy               6
 P - a book of Necromancy

   Spells                             Type                      Level
   a - Pain                           Necromancy                   1
   b - Animate Skeleton               Necromancy                   1
   c - Vampiric Draining              Necromancy                   3
   d - Regeneration                   Charms/Necromancy            3
   e - Animate Dead                   Necromancy                   4
   f - Control Undead                 Necromancy                   4
Comestibles
 b - a slice of pizza
 f - 5 meat rations


   Skills:
 + Level 9.4 Fighting
 + Level 9.3 Axes
 + Level 0.6 Throwing
 + Level 7.1 Armour
 + Level 6.1 Dodging
 + Level 1.2 Stealth
   Level 1.5 Shields
 + Level 4.2 Invocations


You had 10 spell levels left.
You didn't know any spells.

Dungeon Overview and Level Annotations

Branches:
Dungeon (9/15)             Temple (0/1) D:4             Orc (4/4) D:9
   Lair: D:8-11         Elf: Orc:3-4

Altars:
Dithmenos
Fedhas
Gozag
Makhleb
Okawaru
Ru
Sif Muna
Trog
Vehumet
Yredelemnul
Zin
Beogh

Shops:
D:5 (   D:8 ?   Orc:1 %


Innate Abilities, Weirdness & Mutations

((You have hoof-like feet.))
((You are completely covered in yellow scales (AC +4, rCorr).))
You regenerate health from kills.
You are immune to rotting.


Message History

You feel slightly more hungry. The orc warrior completely misses you.
The orange demon stings you but does no damage.
The orange demon disappears in a puff of smoke!
The orc priest mumbles some strange prayers to Beogh against you.
Something smites you!
* * * LOW HITPOINT WARNING * * *
Drink which item? (? for menu, Esc to quit)
Okay, then.
Read which item? (? for menu, Esc to quit)
Okay, then.
Drink which item? (? for menu, Esc to quit)
You turn into a tree.
Your +2 cloak melds into your body.
Your +1 helmet melds into your body.
Your +0 pair of gloves melds into your body.
Your +0 plate armour melds into your body.
Your roots penetrate the ground.
The orc hits you but does no damage.
The sun demon hits you but does no damage.
Drink which item? (? for menu, Esc to quit)
It was a potion of poison.
You feel slightly nauseous. The sun demon hits you!
You die...

......#.###...##....
.....#.............## . .
<......#........#..#.. ..
.....#........#...... ...
#....$............# ...
#.................#..
###.....##.#o...##.#.#
##.<.....##..3o§.....#
#.....†..##.♣ooo#........
........##....$....##.......
...................##
.....#. .#.......#.......###
......# #.#......##.#...##
.....## .........####...#
##.### .#####..# ##..$# .#
#.. ##.## ###


You could see a sun demon, an orc sorcerer, an orc warrior, an orc priest and 2
orcs.

Vanquished Creatures
  Erica (Orc:1)
  2 orc knights
  A troll (Orc:3)
  Prince Ribbit (D:6)
  Grum (D:9)
  Menkaure (D:6)
  4 wargs
  2 wolves (D:9)
  An ice beast (D:8)
  A sky beast (D:8)
  9 ogres
  A black bear (D:8)
  10 orc warriors
  2 necrophages
  3 centaurs
  A big kobold (D:9)
  2 giant frogs
  2 scorpions
  3 wights (D:6)
  4 crimson imps
  2 giant frog zombies
  12 orc priests
  A giant frog skeleton (D:7)
  Crazy Yiuf (D:6)
  3 hounds
  A jelly (D:6)
  15 orc wizards
  6 worker ants
  Jessica (D:3)
  Natasha (thrice) (D:4)
  3 iguanas (D:8)
  A hound skeleton (D:4)
  4 worker ant zombies
  5 gnolls
  11 adders
  4 shadow imps
  2 oozes
  An adder skeleton (D:9)
  A worm (D:4)
  5 giant geckos
  120 orcs
  4 goblins
  11 hobgoblins
  8 jackals
  2 quokkas
  A ball python (D:3)
  7 bats
  4 giant cockroaches
  13 giant newts
  A jackal skeleton (D:4)
  19 kobolds
  A quokka skeleton (D:5)
  A quokka zombie (D:5)
  3 rats
  A bush (D:4)
  A fungus (D:6)
331 creatures vanquished.

Vanquished Creatures (others)
  An orc wizard (Orc:2)
1 creature vanquished.

Grand Total: 332 creatures vanquished

Notes
Turn   | Place    | Note
--------------------------------------------------------------
     0 | Abyss:1  | Gargoyl the Demonspawn Abyssal Knight began the quest for the Orb.
     0 | Abyss:1  | Reached XP level 1. HP: 18/18 MP: 2/2
    46 | Abyss:1  | Noticed a wretched star
    49 | D:1      | Escaped the Abyss
   185 | D:1      | Reached skill level 1 in Dodging
   185 | D:1      | Gained mutation: You are partially covered in yellow scales (AC +2). [demonic ancestry]
   185 | D:1      | Reached XP level 2. HP: 18/24 MP: 2/4
   395 | D:1      | Acquired Lugonu's first power
  1055 | D:2      | Gained mutation: You have large cloven feet. [demonic ancestry]
  1055 | D:2      | Reached XP level 3. HP: 15/29 MP: 5/5
  1212 | D:2      | Found an opulent altar of Gozag.
  1273 | D:2      | Found a basalt altar of Yredelemnul.
  1777 | D:3      | Acquired Lugonu's second power
  1916 | D:3      | Found an iron altar of Okawaru.
  1962 | D:4      | Gained mutation: You are immune to rotting. [demonic ancestry]
  1962 | D:4      | Reached XP level 4. HP: 6/36 MP: 6/6
  3320 | D:3      | Noticed a scorpion
  3325 | D:3      | Killed a scorpion
  3325 | D:3      | Reached skill level 4 in Fighting
  3325 | D:3      | Gained mutation: You have hoof-like feet. [demonic ancestry]
  3325 | D:3      | Reached XP level 5. HP: 32/42 MP: 7/7
  3460 | D:3      | Noticed Jessica
  3464 | D:3      | Killed Jessica
  3938 | D:4      | Found a blossoming altar of Fedhas.
  3938 | D:4      | Noticed a centaur
  4253 | D:3      | Reached XP level 6. HP: 17/48 MP: 8/8
  4568 | D:4      | Killed a centaur
  4810 | D:4      | Noticed Natasha
  4819 | D:4      | Killed Natasha
  4819 | D:4      | Reached skill level 1 in Shields
  4905 | D:4      | Acquired Lugonu's third power
  5122 | D:4      | Noticed Natasha
  5126 | D:4      | Killed Natasha
  5272 | D:4      | Noticed Natasha
  5274 | D:4      | Killed Natasha
  5275 | D:4      | Noticed a giant frog
  5280 | D:4      | Killed a giant frog
  5415 | D:4      | Found a staircase to the Ecumenical Temple.
  5498 | D:5      | Entered Level 5 of the Dungeon
  5559 | D:5      | Gained mutation: You are mostly covered in yellow scales (AC +3). [demonic ancestry]
  5559 | D:5      | Reached XP level 7. HP: 50/55 MP: 9/9
  5768 | D:5      | Found Iriteple's Antique Weapon Boutique.
  5776 | D:5      | Bought a runed war axe for 77 gold pieces
  5776 | D:5      | Bought a glowing battleaxe for 143 gold pieces
  6185 | D:5      | Reached skill level 5 in Fighting
  6963 | D:6      | Gained mutation: You regenerate a little health from kills. [demonic ancestry]
  6963 | D:6      | Reached XP level 8. HP: 62/62 MP: 10/10
  6971 | D:6      | Found a shadowy altar of Dithmenos.
  6983 | D:6      | Acquired Lugonu's fourth power
  7017 | D:6      | Noticed Prince Ribbit
  7097 | D:6      | Got a spiked shield
  7295 | D:6      | Noticed Menkaure
  7301 | D:6      | Killed Menkaure
  7314 | D:6      | Found a burning altar of Makhleb.
  7324 | D:6      | Killed Prince Ribbit
  7324 | D:6      | Reached skill level 5 in Axes
  7400 | D:6      | Found a glowing silver altar of Zin.
  7498 | D:6      | Found a radiant altar of Vehumet.
  7718 | D:6      | Noticed Crazy Yiuf
  7727 | D:6      | Killed Crazy Yiuf
  7727 | D:6      | Reached skill level 6 in Fighting
  7739 | D:6      | Identified the cursed +0 shield of the Hot Ocelot {+Blink} (You found it on level 6 of the Dungeon)
  7849 | D:7      | Reached skill level 5 in Armour
  7962 | D:7      | Gained mutation: You are completely covered in yellow scales (AC +4, rCorr). [demonic ancestry]
  7962 | D:7      | Reached XP level 9. HP: 62/70 MP: 11/11
  8162 | D:7      | Reached skill level 5 in Dodging
  8545 | D:8      | Found a bloodstained altar of Trog.
  8702 | D:8      | Reached skill level 7 in Fighting
  8867 | D:8      | Found Pyij's Magic Scroll Shop.
  8884 | D:8      | Bought a scroll of enchant weapon for 105 gold pieces
  9004 | D:8      | Acquired Lugonu's fifth power
  9305 | D:9      | Noticed Grum
  9326 | D:9      | Killed Grum
  9550 | D:9      | Found a sacrificial altar of Ru.
  9624 | D:9      | Found a deep blue altar of Sif Muna.
  9735 | D:9      | Found a staircase to the Orcish Mines.
  9740 | D:9      | Found a roughly hewn altar of Beogh.
  9937 | Orc:1    | Entered Level 1 of the Orcish Mines
  9937 | Orc:1    | Noticed Erica
  9959 | Orc:1    | Gained mutation: You regenerate health from kills. [demonic ancestry]
  9959 | Orc:1    | Reached XP level 10. HP: 63/80 MP: 12/12
  9973 | Orc:1    | Killed Erica
  9973 | Orc:1    | Reached skill level 8 in Fighting
  9973 | Orc:1    | Reached skill level 1 in Stealth
 10179 | Orc:1    | Found Alowke's Food Shop.
 10730 | Orc:3    | Noticed an orc knight
 10742 | Orc:2    | HP: 3/82 [spatial distortion (4)]
 10922 | Orc:2    | Killed an orc knight
 10965 | Orc:3    | Reached skill level 9 in Fighting
 11064 | Orc:3    | Noticed an ettin
 11290 | Orc:2    | Banished an ettin
 11458 | Orc:3    | Noticed an orc knight
 11476 | Orc:3    | Killed an orc knight
 11476 | Orc:3    | Reached XP level 11. HP: 89/89 MP: 14/14
 11613 | Orc:4    | Entered Level 4 of the Orcish Mines
 11629 | Orc:4    | Paralysed by an orc sorcerer for 3 turns
 11637 | Orc:4    | Noticed a sun demon
 11645 | Orc:4    | HP: 1/89 [orc priest/divine providence (9)]
 11647 | Orc:4    | Demolished by a sun demon

Vault maps used:
D:1:      matt_arrival_los_fun
D:2:      yredelemnul_altar_generic, nicolae_overflow_crystal_walls
D:3:      first_bread, okawaru_ov_weapons_minmay, uniq_jessica
D:4:      fedhas_bush_and_centaur_altar, temple_green, minmay_misc_feat_chi,
          corexii_item_surrounded_by_moat, uniq_natasha
D:5:      serial_shops, shop
D:6:      lemuel_crystal_altar, lemuel_crystal_altar, kennysheep_little_box,
          nicolae_dithmenos_shadow_blocks, uniq_crazy_yiuf_cottage,
          uniq_prince_ribbit1, uniq_menkaure
D:8:      old_standard_altar, serial_shops, nicolae_shop_waterfront
D:9:      kennysheep_mini, lemuel_blue_sif_altar, minmay_orc_entry_temple_small,
          uniq_grum
Orc:1:    serial_shops, shop_fountains, uniq_erica
Orc:3:    nicolae_orc_pool_cavern
Orc:4:    pf_orc_diabolical, serial_shops,
          nicolae_shop_competitors_out_of_business

Action                   |  1- 3 |  4- 6 |  7- 9 | 10-12 || total
-------------------------+-------+-------+-------+-------++-------
Melee: Hand axe          |   114 |   185 |     8 |       ||   307
       Battleaxe         |       |       |   387 |   206 ||   593
Throw: Stone             |     9 |       |       |       ||     9
       Javelin           |     5 |       |       |       ||     5
Invok: Depart the Abyss  |     1 |       |       |       ||     1
       Bend Space        |       |     1 |       |     6 ||     7
       Banish            |       |       |       |     1 ||     1
  Use: Scroll            |       |    10 |    12 |       ||    22
       Potion            |       |       |       |     2 ||     2
  Eat: Bread ration      |     1 |     2 |     1 |     2 ||     6
       Fruit             |       |     4 |     3 |       ||     7
       Chunk             |       |     1 |       |       ||     1
       Meat ration       |       |       |     2 |       ||     2
       Beef jerky        |       |       |     1 |       ||     1
